Map: King Sejong Station LE

Players

TheWay

  • Race: Zerg Zerg
  • League: Master

Miszu - Winner!

  • Race: Zerg Zerg
  • League: Master

VOD

Have the link to the VOD?

Description

Time

  • Played on: June 25, 2016, 12:55 p.m.
  • Length: 10:56
Show
View Real Time Build Order
Export as new Build Order

TheWay Zerg 

Build Orders: Hatch First 

Get SALT Encoding   

  12  0:01  Drone  
  13  0:12  Overlord  
  13  0:17  Drone  
  14  0:30  Drone  
  14  0:31  Drone  
  14  0:34  Drone  
  17  0:52  Hatchery  
  17  0:56  Drone  
  17  0:58  Extractor  
  16  1:11  Spawning Pool  
  15  1:14  Drone  
  15  1:18  Drone  
  17  1:22  Drone  
  18  1:28  Drone  
  19  1:38  Overlord  
  19  1:58  Queen  
  21  2:05  Queen  
  21  2:07  Drone x3  
  26  2:11  Metabolic Boost  
  27  2:15  Drone  
  27  2:18  Drone  
  28  2:24  Overlord  
  28  2:28  Drone  
  29  2:50  Baneling Nest, Hatchery  
  27  2:52  Drone  
  27  2:55  Drone  
  27  2:57  Drone  
  30  3:00  Drone  
  30  3:02  Drone  
  30  3:05  Drone  
  33  3:08  Zergling x2  
  33  3:10  Zergling x2  
  35  3:13  Zergling x2  
  35  3:18  Overlord  
  36  3:20  Zergling x2  
  36  3:23  Zergling x2  
  36  3:25  Drone  
  39  3:27  Drone  
  39  3:30  Drone  
  39  3:31  Drone  
  39  3:33  Extractor  
  41  3:39  Roach Warren  
  41  3:41  Drone  
  41  3:46  Drone x3  
  44  3:51  Overlord  
  44  3:58  Drone  
  44  3:59  Drone x2  
  47  4:06  Lair  
  47  4:10  Evolution Chamber  
  47  4:11  Queen  
  48  4:17  Drone x2  
  48  4:18  Drone  
  51  4:27  Roach  
  51  4:28  Roach x3  
  51  4:30  Baneling  
  57  4:31  Baneling  
  57  4:36  Zerg Missile Weapons Level 1  
  57  4:37  Roach  
  56  4:42  Roach x2  
  56  4:45  Baneling x3  
  60  4:49  Zergling x2, Roach  
  60  4:52  Zergling x4  
  65  5:04  Overlord  
  65  5:05  Glial Reconstitution  
  65  5:08  Overlord x2, Extractor  
  64  5:22  Overlord  
  64  5:28  Drone x4  
  68  5:29  Drone  
  68  5:32  Drone  
  70  5:36  Overseer  
  70  5:41  Roach  
  70  5:42  Roach x5  
  82  5:44  Roach  
  82  5:46  Roach  
  82  5:48  Overlord  
  86  5:59  Roach  
  86  6:00  Roach x2  
  92  6:10  Overlord x2  
  92  6:11  Overlord  
  92  6:12  Roach x2  
  92  6:15  Roach  
  98  6:22  Overlord  
  98  6:31  Drone x3  
  98  6:32  Hydralisk Den  
  100  6:34  Extractor, Drone  
  100  6:36  Drone x4  
  74  7:14  Spore Crawler  
  65  7:17  Spore Crawler, Muscular Augments  
  65  7:18  Hydralisk x4  
  65  7:21  Hydralisk x3  
  65  7:22  Hydralisk  
  72  7:24  Spore Crawler  
  72  7:25  Spore Crawler  
  72  7:27  Spore Crawler  
  72  7:29  Spore Crawler  
  64  7:37  Hydralisk x3  
  68  7:49  Hydralisk  
  68  7:50  Hydralisk  
  69  8:02  Hydralisk  
  69  8:03  Hydralisk  
  66  8:20  Hatchery  
  66  8:23  Spore Crawler  
  64  8:37  Drone x3  
  67  8:51  Hatchery  
  66  9:00  Hydralisk x3  
  72  9:08  Hydralisk x2  
  73  9:27  Drone x3  
  76  9:34  Zergling x2  
  76  9:35  Zergling x12  
  83  9:47  Overlord x2  
  83  9:50  Drone x2  
  83  9:51  Extractor  
  84  9:53  Drone  
  84  9:55  Drone  
  81  10:09  Hydralisk x2  
Show
View Real Time Build Order
Export as new Build Order

Miszu Zerg - Winner!

Build Orders: Hatch First, Muta Ling Bane 

Get SALT Encoding   

  12  0:00  Drone  
  13  0:12  Overlord  
  13  0:21  Drone  
  14  0:31  Drone x2  
  14  0:34  Drone  
  17  0:54  Hatchery  
  17  0:57  Drone  
  17  1:00  Extractor, Drone  
  17  1:14  Spawning Pool  
  17  1:16  Drone  
  17  1:21  Drone  
  18  1:28  Drone  
  19  1:46  Overlord  
  19  1:51  Drone  
  20  2:05  Metabolic Boost, Queen  
  20  2:06  Queen  
  20  2:08  Drone x2  
  26  2:12  Drone  
  27  2:17  Drone  
  28  2:26  Drone  
  28  2:29  Drone  
  30  2:33  Baneling Nest, Drone  
  30  2:38  Drone  
  31  2:45  Overlord  
  31  2:49  Drone  
  32  2:54  Zergling x2  
  33  2:59  Zergling x2  
  33  3:02  Hatchery  
  33  3:09  Drone  
  33  3:11  Drone  
  35  3:16  Drone x5  
  35  3:17  Drone  
  41  3:20  Extractor  
  41  3:25  Lair  
  41  3:27  Drone  
  41  3:30  Drone  
  41  3:31  Drone  
  41  3:33  Extractor  
  43  3:35  Extractor  
  43  3:36  Extractor  
  43  3:39  Overlord  
  41  3:43  Drone  
  43  3:48  Drone x2  
  44  3:58  Drone  
  44  4:01  Drone x3  
  44  4:02  Drone  
  49  4:03  Zergling x2  
  49  4:04  Baneling x2  
  49  4:05  Baneling  
  49  4:07  Zergling x2  
  51  4:12  Zergling x2  
  51  4:17  Zergling x8  
  55  4:35  Spire  
  53  4:40  Baneling x3  
  53  4:41  Overlord  
  53  4:45  Overlord x2, Hatchery  
  52  5:03  Drone x3  
  55  5:07  Drone x5, Evolution Chamber  
  55  5:08  Evolution Chamber  
  55  5:11  Roach Warren  
  55  5:13  Drone x2  
  59  5:15  Drone  
  59  5:17  Drone  
  59  5:20  Drone  
  62  5:27  Overlord x2  
  62  5:38  Extractor  
  62  5:41  Extractor  
  60  5:47  Mutalisk x5  
  60  5:49  Mutalisk  
  72  5:52  Mutalisk  
  74  6:02  Drone  
  75  6:04  Mutalisk  
  75  6:05  Mutalisk x2  
  75  6:07  Mutalisk  
  83  6:11  Zerg Flyer Weapons Level 1  
  83  6:15  Mutalisk  
  85  6:27  Mutalisk  
  85  6:28  Mutalisk  
  85  6:30  Zergling x12  
  94  6:53  Mutalisk  
  94  6:54  Mutalisk x3  
  90  6:57  Mutalisk  
  90  7:07  Drone x8  
  94  7:15  Queen  
  94  7:18  Mutalisk  
  94  7:19  Mutalisk  
  94  7:22  Drone  
  97  7:27  Queen  
  98  7:33  Overlord x2  
  98  7:34  Overlord x2  
  98  7:42  Infestation Pit  
  98  8:05  Drone x7  
  98  8:06  Drone x5  
  98  8:11  Zerg Melee Weapons Level 1, Zerg Ground Armor Level 1  
  109  8:16  Drone  
  109  8:17  Drone x2  
  112  8:23  Overlord  
  110  8:36  Hive  
  110  8:41  Hatchery  
  110  8:42  Overlord  
  110  8:48  Zergling x10  
  114  8:49  Zergling x2  
  114  8:53  Centrifical Hooks  
  114  8:54  Hatchery  
  114  9:08  Zergling x18  
  123  9:12  Overlord  
  123  9:13  Overlord x2  
  123  9:22  Zergling x10  
  128  9:25  Baneling x11  
  128  9:26  Baneling  
  128  9:52  Ultralisk Cavern  
  128  9:54  Zergling x26  
  140  10:05  Overlord x2  
  140  10:25  Baneling  
  140  10:26  Baneling x2  
Tags
 
Add a new tag
Caveats
  • Supply blocks, unpowered buildings, or Contaminate may cause inaccurate times.
  • Supply counts are checked every 10 seconds.